 Dungeon Crawl Stone Soup version 0.29.1-15-g9cfb28693d (webtiles) character file.

Game seed: 4688306063583826493

1 tizbic2 the Vexing (level 1, 0/15 HPs)
             Began as a Barachi Arcane Marksman on Apr 22, 2023.
             Hit by a stone thrown by a kobold (2 damage)
             ... on level 1 of the Dungeon.
             The game lasted 00:00:41 (17 turns).

tizbic2 the Vexing (Barachi Arcane Marksman)          Turns: 17, Time: 00:00:43

Health: 0/15       AC:  2    Str: 11    XL:     1   Next: 20%
Magic:  2/2        EV: 12    Int: 13    God:
Gold:   0          SH:  0    Dex: 12    Spells: 1/2 levels left

rFire   . . .      SeeInvis .   a - +1 sling
rCold   . . .      Faith    .   (no shield)
rNeg    . . .      Spirit   .   c - +0 robe
rPois   .          Reflect  .   (no helmet)
rElec   .          Harm     .   (no cloak)
rCorr   .          Rampage  .   (no gloves)
Will    .....                   (no boots)
Stlth   +.........              (no amulet)
HPRegen 0.05/turn               (no ring)
MPRegen 0.08/turn               (no ring)

@: slow
A: amphibious, slowness 1, strong legs 1, +LOS
a: Hop


You were on level 1 of the Dungeon.
You visited 1 branch of the dungeon, and saw 1 of its levels.

Inventory:

Hand Weapons
 a - a +1 sling (weapon)
Armour
 c - a +0 robe (worn)


   Skills:
 + Level 1.2 Fighting
 + Level 2.0 Ranged Weapons
 + Level 2.2 Dodging
 + Level 1.1 Spellcasting
 + Level 3.3 Hexes


You had one spell level left.
You knew the following spells:

 Your Spells              Type           Power      Damage    Failure   Level
a - Slow                  Hex            36%        N/A       7%          1

Your spell library contained the following spells:

 Spells                   Type           Power      Damage    Failure   Level
 Inner Flame              Hex/Fire       5%         N/A       38%         3
 Portal Projectile        Hex/Tloc       10%        N/A       38%         3
 Cause Fear               Hex            4%         N/A       56%         4


Dungeon Overview and Level Annotations

Branches:
Dungeon (1/15)

Altars:


Innate Abilities, Weirdness & Mutations

You are amphibious.
You cover ground slowly.
You can hop short distances.
You have an extended range of vision and can be seen from far away.


Message History

The ball python barely misses you. The ball python grabs you.
The ball python constricts you.
Fire: a) +1 sling
Press: ? - help, Shift-Dir - straight line, f - ball python
Aim: a ball python (constricting you, 52% to hit)
You shoot a sling bullet.
The sling bullet barely misses the ball python.
The ball python bites you.
* * * LOW HITPOINT WARNING * * *
The ball python constricts you.
You don't have any such object.
Fire/throw/use which item? ([*] to toss any item) (? for menu, Esc to quit)
You don't have any such object.
Fire/throw/use which item? ([*] to toss any item) (? for menu, Esc to quit)
Okay, then.
Unknown command.
You aren't carrying any potions.
Unknown command.
Really read the scroll of poison?
The air fills with toxic fumes!
As you read the scroll of poison, it crumbles to dust.
The ball python bites you.
* * * LOW HITPOINT WARNING * * *
The ball python constricts you.
* * * LOW HITPOINT WARNING * * *
Casting: Slow (safe; 7% risk of failure)
Confirm with . or Enter, or press ? or * to list all spells.
Okay, then.
Hop to where?
Press: ? - help, Q - select action, (/) - cycle Dir - move target, p - ball python
There is a wall there.
Okay, then.
Okay, then.
Fire: a) +1 sling
Press: ? - help, Shift-Dir - straight line, f/p - ball python
Aim: a ball python (constricting you, 52% to hit)
You shoot a sling bullet. The sling bullet hits the ball python.
You kill the ball python!
The kobold throws a stone.
The stone hits you.
You die...

.... .... ## #..
#§# #.. . #§#
#.## ..
#§#.#.####+#...
#§#.#.........
#.#§#+.........
#.#.#@#....^..#
#.#.#§#)K§§§§§§#
#.#.#§#(##§§§§###
....§§§.. .##§#
########.. .. #
##. S.. ## ....
...## ...#


You could see a kobold.

Vanquished Creatures
  A goblin (D:1)
  A ball python (D:1)
2 creatures vanquished.

Notes
Turn   | Place    | Note
-------+----------+-------------------------------------------
     0 | D:1      | tizbic2 the Barachi Arcane Marksman began the quest for the
                  | Orb.
     0 | D:1      | Reached XP level 1. HP: 15/15 MP: 2/2
    17 | D:1      | Hit by a stone thrown by a kobold

Illustrated notes

Levels and vault maps discovered:
D:1:      lightli_arrival_chessboard, layout_basic, minmay_pentomino_s4

Action                   || total
-------------------------++-------
 Fire: Sling             ||    10
 Cast: Slow              ||     1
  Use: Scroll            ||     1
Dodge: Dodged            ||     3
